 Dungeon Crawl Stone Soup version 0.28.0-43-g3370ac3207 (webtiles) character file.

Game seed: 17990113384003536133

34671 Jerry the Brawler (level 13, -1/136 HPs)
             Began as a Troll Hunter on Mar 6, 2022.
             Was a Plaything of Xom.
             Slain by a black mamba (5 damage)
             ... on level 4 of the Lair of Beasts.
             The game lasted 00:58:28 (14330 turns).

Jerry the Brawler (Troll Hunter)                   Turns: 14330, Time: 00:58:29

Health: -1/136     AC: 15    Str: 23    XL:     13   Next: 43%
Magic:  0/12       EV: 12    Int:  7    God:    Xom [.....*]
Gold:   1710       SH:  4    Dex: 14    Spells: 12/12 levels left

rFire   + . .      SeeInvis .     - Unarmed
rCold   + + +      Faith    .   o - orb {light}
rNeg    . . .      Spirit   +   R - quicksilver dragon scales
rPois   +          Reflect  .   N - +1 hat {Will+}
rElec   .          Harm     .   t - +0 cloak
rCorr   .          Rampage  .   (gloves unavailable)
Will    ++...      Clarity  +   (boots unavailable)
Stlth   +.........              j - amulet of guardian spirit
HPRegen 1.12/turn               f - ring of protection from cold
MPRegen 0.13/turn               g - ring of poison resistance

@: lethally poisoned (-1 -> -2), about to teleport, glowing
A: large, unfitting armour, claws 3, regeneration 1, shaggy fur 1, tough skin 1,
beak, horns 1, large bone plates 1, agile 1, clarity, cold resistance 2,
deterioration 1, fire resistance 1, robust 1, weak 1, MP-powered wands
a: Renounce Religion


You were on level 4 of the Lair of Beasts.
You worshipped Xom.
You were Xom's teddy bear.
You visited 3 branches of the dungeon, and saw 16 of its levels.
You also visited: Sewer.

You collected 1860 gold pieces.
You spent 150 gold pieces at shops.

Inventory:

Hand Weapons
 A - a +1 whip of flaming
Missiles
 c - 5 large rocks
 d - 7 throwing nets (quivered)
Armour
 o - an orb of light (worn)
 t - a +0 cloak (worn)
 C - a +1 robe of fire resistance
 H - +0 steam dragon scales
 I - +0 acid dragon scales
 K - a +2 robe of cold resistance
 M - a +0 buckler
 N - a +1 hat of willpower (worn)
 R - quicksilver dragon scales (worn)
Jewellery
 f - a ring of protection from cold (left claw)
 g - a ring of poison resistance (right claw)
 j - an amulet of guardian spirit (around neck)
 m - a ring of magical power
 n - a ring of positive energy
 J - a ring of ice
 O - a ring of protection from cold
Wands
 p - a wand of paralysis (6)
 w - a wand of flame (43)
 B - a wand of mindburst (4)
 D - a wand of iceblast (13)
Scrolls
 b - 6 scrolls of fear
 h - 5 scrolls of teleportation
 l - 5 scrolls of identify
 x - 2 scrolls of acquirement
 y - 3 scrolls of torment
 F - 3 scrolls of fog
 P - 4 scrolls of brand weapon
 Q - a scroll of vulnerability
 S - a scroll of blinking
 T - a scroll of summoning
 U - a scroll of enchant weapon {unknown}
Potions
 e - a potion of heal wounds
 i - 5 potions of lignification
 k - 2 potions of curing
 q - a potion of attraction
 r - a potion of flight
 s - 2 potions of invisibility
 u - a potion of might
 v - 4 potions of berserk rage
 z - 2 potions of magic
 E - 2 potions of cancellation
 G - a potion of mutation {unknown}
 L - a potion of brilliance {unknown}


   Skills:
 + Level 7.1 Fighting
 + Level 11.6 Throwing
 + Level 5.0 Armour
 - Level 8.7 Dodging
 - Level 0.3 Stealth
 + Level 16.9 Unarmed Combat


You had 12 spell levels left.
You didn't know any spells.
Your spell library contained the following spells:

 Spells                   Type           Power      Damage    Failure   Level
 Animate Skeleton         Necr           0%         N/A       56%         1
 Magic Dart               Conj           0%         1d3       56%         1
 Pain                     Necr           0%         1d4       56%         1
 Corpse Rot               Necr/Air       0%         N/A       71%         2
 Poisonous Vapours        Pois/Air       0%         N/A       71%         2
 Searing Ray              Conj           0%         2d4       71%         2
 Static Discharge         Conj/Air       0%         N/A       71%         2
 Sublimation of Blood     Necr           0%         N/A       71%         2
 Call Canine Familiar     Summ           0%         N/A       91%         3
 Ignite Poison            Fire/Tmut/Pois 0%         N/A       91%         3
 Inner Flame              Hex/Fire       0%         N/A       91%         3
 Tukima's Dance           Hex            0%         N/A       91%         3
 Anguish                  Hex/Necr       0%         N/A       100%        4
 Cause Fear               Hex            0%         N/A       100%        4
 Dispel Undead            Necr           0%         3d6       100%        4
 Fulminant Prism          Conj/Hex       0%         3d6       100%        4
 Passage of Golubria      Tloc           0%         N/A       100%        4
 Petrify                  Tmut/Erth      0%         N/A       100%        4
 Sticky Flame             Conj/Fire      0%         2d3       100%        4
 Irradiate                Conj/Tmut      0%         3d13      100%        5
 Metabolic Englaciation   Hex/Ice        0%         N/A       100%        5
 Yara's Violent Unravell  Hex/Tmut       0%         3d3       100%        5
 Statue Form              Tmut/Erth      0%         N/A       100%        6
 Summon Cactus Giant      Summ           0%         N/A       100%        6
 Enfeeble                 Hex            0%         N/A       100%        7
 Discord                  Hex            0%         N/A       100%        8
 Infestation              Necr           0%         N/A       100%        8


Dungeon Overview and Level Annotations

Branches:
Dungeon (10/15)            Temple (1/1) D:4            Lair (5/6) D:10
  Swamp (0/4) Lair:3        Snake (0/4) Lair:3        Sewer (visited)
  Slime: Lair:5-6       Orc: D:9-12

Altars:
Ashenzari
Cheibriados
Dithmenos
Elyvilon
Fedhas
Gozag
Hepliaklqana
Kikubaaqudgha
Makhleb
Nemelex Xobeh
Okawaru
Qazlal
Ru
Sif Muna
Trog
Uskayaw
Vehumet
Wu Jian
Xom
Yredelemnul
Zin
The Shining One
Beogh

Shops:
D:7 *   D:8 *


Innate Abilities, Weirdness & Mutations

You are too large for most types of armour.
You have claws for hands.
Your natural rate of healing is unusually fast.
You are covered in fur. (AC +1)
You have tough skin. (AC +1)
You have a beak for a mouth.
You have a pair of small horns on your head.
You are partially covered in large bone plates. (SH +4)
You are agile. (Dex +2)
You possess an exceptional clarity of mind.
Your flesh is very cold resistant. (rC++)
Your body sometimes deteriorates upon taking damage.
Your flesh is heat resistant. (rF+)
You are robust. (+10% HP)
You are weak. (Str -2)
You expend magic power (3 MP) to strengthen your wands.


Message History

The meliai stings you but does no damage.
The killer bee barely misses you. You block the water moccasin's attack.
You block the cane toad's attack. The black mamba barely misses you.
The meliai hits you with a +0 broad axe.
The meliai stings you.
* * * LOW HITPOINT WARNING * * *
You climb upwards.
There is a stone staircase leading down here.
As you read the scroll of teleportation, it crumbles to dust.
You feel strangely unstable. The killer bee stings you.
* * * LOW HITPOINT WARNING * * *
You are poisoned.
The killer bee poisons you!
The meliai hits you with a +0 broad axe!
* * * LOW HITPOINT WARNING * * *
The meliai barely misses you. The water moccasin barely misses you.
The black mamba bites you.
* * * LOW HITPOINT WARNING * * *
The killer bee misses you. The cane toad barely misses you.
The meliai hits you but does no damage.
The meliai stings you but does no damage.
The water moccasin bites you but does no damage.
The black mamba bites you.
* * * LOW HITPOINT WARNING * * *
You feel very sick.
The killer bee stings you but does no damage.
The black mamba bites you.
* * * LOW HITPOINT WARNING * * *
The killer bee stings you.
* * * LOW HITPOINT WARNING * * *
The water moccasin closely misses you.
The meliai hits you with a +0 broad axe!
* * * LOW HITPOINT WARNING * * *
The meliai stings you but does no damage.
You feel sick. The killer bee barely misses you.
The black mamba bites you but does no damage.
The killer bee stings you but does no damage.
The black mamba bites you.
You die...
Xom chortles!

.................................
..........#......................
...........#..#..................
..........##.....................
..........#..........#...........
..............P......##..........
..............P.##...##..........
.................S.........#.....
................@yF........##.#.#
.................y.###...........
..........#...P#.S###.#...#.##...
..............##..#.............#
..........P..................#.#.
..........P...##..P..............
..............##..........P##....
...............#..#.#....P##.....
..........#......#####...####....


You could see a black mamba, a cane toad, a water moccasin, a meliai and a
killer bee.

Vanquished Creatures
  Gastronok (Lair:3)
  Harold (D:7)
  3 hydras (Lair:3)
  2 boulder beetles (Lair:2)
  A two-headed ogre (D:9)
  Sonja (D:10)
  A death drake (shapeshifter) (Lair:3)
  A glowing orange brain (shapeshifter) (D:9)
  A bog body (Lair:3)
  A lindwurm (Lair:4)
  A wolf spider (D:10)
  8 elephants
  Joseph (D:10)
  A black mamba (Lair:5)
  7 cane toads
  6 komodo dragons
  2 rime drakes (Lair:2)
  A yaktaur (shapeshifter) (D:9)
  A troll (D:10)
  A hornet (D:9)
  A polar bear (Lair:2)
  A slime creature (D:9)
  14 blink frogs
  A meliai zombie (D:10)
  A wraith (D:10)
  3 basilisks
  3 wyverns
  A steam dragon (D:10)
  23 yaks
  Grum (D:8)
  5 acid dragons
  3 swamp worms (Lair:3)
  11 water moccasins
  4 orc warriors
  3 black bears
  3 ice beasts
  An ogre (D:4)
  A necrophage (D:5)
  A sky beast (D:6)
  A boggart (D:10)
  13 wolves
  4 centaurs
  2 lemures (D:7)
  2 phantoms
  7 kobold brigands
  Blork the orc (D:6)
  2 gnoll sergeants (D:9)
  17 bullfrogs
  3 scorpions
  8 killer bees
  7 wights
  4 howler monkeys
  6 electric eels
  5 lava snakes (Lair:1)
  3 centaur zombies
  A gnoll shaman (D:7)
  Crazy Yiuf (D:5)
  7 orc priests
  5 iguanas
  Terence (D:3)
  8 orc wizards
  Natasha (twice) (D:3)
  Robin (D:4)
  15 gnolls
  5 adders
  A river rat (Sewer)
  2 white imps (D:6)
  An ufetubus (D:5)
  7 worms
  3 dart slugs
  39 orcs
  6 ball pythons
  4 bats
  6 endoplasms
  2 giant cockroaches (D:1)
  19 goblins
  11 hobgoblins
  3 jackals (D:3)
  6 quokkas
  6 frilled lizards
  25 kobolds
  9 rats
404 creatures vanquished.

Vanquished Creatures (collateral kills)
  Pikel (D:7)
  A bog body (Lair:3)
  A deep elf pyromancer (D:9)
  2 yaks
  2 wights (D:9)
7 creatures vanquished.

Vanquished Creatures (others)
  A hydra (Lair:4)
  A killer bee (Lair:4)
  A howler monkey zombie (D:9)
  15 fungi
  26 plants
44 creatures vanquished.

Grand Total: 455 creatures vanquished

Notes
Turn   | Place    | Note
-------+----------+-------------------------------------------
     0 | D:1      | Jerry the Troll Hunter began the quest for the Orb.
     0 | D:1      | Reached XP level 1. HP: 19/19 MP: 0/0
   152 | D:1      | Reached XP level 2. HP: 27/27 MP: 1/1
   256 | D:1      | Reached skill level 1 in Unarmed Combat
   817 | D:2      | Reached XP level 3. HP: 33/33 MP: 2/2
  1193 | D:2      | Found a faded altar of an unknown god.
  1292 | D:2      | Prayed at the altar of an unknown god.
  1292 | D:2      | Became a worshipper of Xom the Capricious
  1420 | D:3      | XOM: divination: detect creatures
  1465 | D:3      | Noticed Terence
  1470 | D:3      | XOM: potion effect (might)
  1471 | D:3      | XOM: silly message
  1472 | D:3      | Killed Terence
  1473 | D:3      | Reached skill level 2 in Unarmed Combat
  1473 | D:3      | Reached XP level 4. HP: 29/41 MP: 0/3
  1789 | D:3      | XOM: silly message
  1835 | D:3      | XOM: silly message
  1879 | D:3      | Reached XP level 5. HP: 17/48 MP: 3/4
  2170 | D:3      | Noticed Natasha
  2174 | D:3      | XOM: potion effect (might)
  2177 | D:3      | Killed Natasha
  2249 | D:3      | XOM: silly message
  2403 | D:3      | Identified a scroll of acquirement
  2403 | D:3      | Acquired a manual of Unarmed Combat
  2430 | D:3      | Noticed Natasha
  2431 | D:3      | XOM: potion effect (might)
  2438 | D:3      | Killed Natasha
  2439 | D:3      | Reached skill level 3 in Unarmed Combat
  2524 | D:4      | Noticed a phantom
  2565 | D:4      | XOM: potion effect (might)
  2571 | D:4      | Killed a phantom
  2572 | D:4      | Reached skill level 4 in Unarmed Combat
  2572 | D:4      | Reached XP level 6. HP: 55/55 MP: 5/5
  2606 | D:4      | XOM: silly message
  2632 | D:4      | Found a staircase to the Ecumenical Temple.
  2643 | Temple   | Entered the Ecumenical Temple
  2890 | D:4      | Noticed Robin
  2909 | D:4      | Reached skill level 5 in Throwing
  2941 | D:4      | Killed Robin
  3290 | D:4      | XOM: 5-stop teleportation journey
  3410 | D:4      | Reached skill level 5 in Unarmed Combat
  3496 | D:5      | Entered Level 5 of the Dungeon
  3515 | D:5      | XOM: enchant monster (good)
  3519 | D:5      | Reached XP level 7. HP: 62/62 MP: 6/6
  3529 | D:5      | Reached skill level 6 in Unarmed Combat
  3624 | D:5      | XOM: smoke on damage
  3888 | D:5      | Found a broken altar of Ashenzari.
  3889 | D:5      | Found a sparkling altar of Nemelex Xobeh.
  3890 | D:5      | Found a snail-covered altar of Cheibriados.
  3891 | D:5      | Found a radiant altar of Vehumet.
  3894 | D:5      | XOM: give mutation
  3894 | D:5      | Gained mutation: Your flesh is heat resistant. (rF+) [Xom's
                  | grace]
  3948 | D:5      | XOM: god gift: robe {god gift}
  3977 | D:5      | XOM: divination: detect creatures
  3978 | D:5      | Reached skill level 7 in Unarmed Combat
  4025 | D:5      | XOM: smoke on damage
  4094 | D:5      | Found a blossoming altar of Fedhas.
  4096 | D:5      | XOM: stat loss: -1 Dex (9/10)
  4102 | D:5      | Reached XP level 8. HP: 57/70 MP: 4/7
  4189 | D:5      | Found a runed translucent door.
  4190 | D:5      | Noticed Crazy Yiuf
  4196 | D:5      | Killed Crazy Yiuf
  4197 | D:5      | Reached skill level 8 in Unarmed Combat
  4406 | D:6      | Reached skill level 9 in Unarmed Combat
  4414 | D:6      | XOM: stat loss: -1 Dex (9/10)
  4471 | D:6      | Noticed Blork the orc
  4476 | D:6      | Killed Blork the orc
  4607 | D:6      | Found a runed translucent door.
  4613 | D:6      | Reached skill level 5 in Dodging
  4613 | D:6      | Reached skill level 10 in Unarmed Combat
  4933 | D:6      | Found a glowing drain.
  4950 | Sewer    | XOM: stealth player
  4950 | Sewer    | Entered a sewer
  5022 | Sewer    | Reached XP level 9. HP: 69/76 MP: 8/8
  5184 | Sewer    | Reached skill level 11 in Unarmed Combat
  5245 | Sewer    | XOM: give mutations
  5245 | Sewer    | Gained mutation: You are weak. (Str -2) [Xom's mischief]
  5245 | Sewer    | Gained mutation: Your body sometimes deteriorates upon
                  | taking damage. [Xom's mischief]
  5415 | D:7      | Noticed Harold
  5415 | D:7      | XOM: 1-stop teleportation journey
  5426 | D:7      | Killed Harold
  5427 | D:7      | Reached skill level 12 in Unarmed Combat
  5565 | D:7      | XOM: 3-stop teleportation journey
  5671 | D:7      | XOM: give mutations
  5671 | D:7      | Lost mutation: Your flesh is heat resistant. (rF+) [Xom's
                  | mischief]
  5671 | D:7      | Gained mutation: Your body often deteriorates upon taking
                  | damage. [Xom's mischief]
  5671 | D:7      | Gained mutation: Your flesh is cold resistant. (rC+) [Xom's
                  | mischief]
  5671 | D:7      | Lost mutation: Your body often deteriorates upon taking
                  | damage. [Xom's mischief]
  5672 | D:7      | Noticed Pikel
  5686 | D:7      | Killed Pikel
  5782 | D:7      | Found Eropne's Fire Supplies.
  6022 | D:7      | XOM: noise
  6027 | D:7      | Reached skill level 13 in Unarmed Combat
  6038 | D:7      | XOM: give mutations
  6038 | D:7      | Gained mutation: Your flesh is heat resistant. (rF+) [Xom's
                  | grace]
  6038 | D:7      | Gained mutation: You are robust. (+10% HP) [Xom's grace]
  6038 | D:7      | Gained mutation: You have a pair of small horns on your
                  | head. [Xom's grace]
  6038 | D:7      | Gained mutation: Your flesh is very cold resistant. (rC++)
                  | [Xom's grace]
  6180 | D:7      | XOM: god gift: 924 gold pieces
  6223 | D:8      | Found a white marble altar of Elyvilon.
  6228 | D:8      | XOM: 1-stop teleportation journey
  6355 | D:8      | XOM: noise
  6457 | D:8      | Reached XP level 10. HP: 81/91 MP: 6/9
  6604 | D:8      | Found Wew Byul's Assorted Antiques.
  6612 | D:8      | Bought a knobbly diamond ring for 150 gold pieces
  6622 | D:8      | Noticed Grum
  6633 | D:8      | Killed Grum
  6731 | D:8      | Reached skill level 14 in Unarmed Combat
  6798 | D:8      | XOM: silly message
  6989 | D:8      | XOM: noise
  7135 | D:9      | XOM: noise
  7210 | D:9      | XOM: potion effect (curing)
  7292 | D:9      | XOM: cloud trail
  7355 | D:9      | XOM: divination: detect items
  7363 | D:9      | Noticed a deep elf pyromancer
  7364 | D:9      | Noticed a two-headed ogre
  7375 | D:9      | XOM: noise
  7379 | D:9      | Killed a two-headed ogre
  7379 | D:9      | XOM: summons friendly shadow imp
  7380 | D:9      | XOM: potion effect (heal wounds)
  7392 | D:9      | XOM: butterfly on damage
  7440 | D:9      | XOM: confuse monster(s)
  7462 | D:9      | XOM: cast spell 'Summon Ice Beast'
  7472 | D:9      | XOM: cast spell 'Cause Fear'
  7475 | D:9      | Killed a deep elf pyromancer
  7486 | D:9      | XOM: scenery: 1 doors close
  7594 | D:9      | Noticed a swamp dragon
  7637 | D:9      | Noticed a sea snake
  7644 | D:9      | Noticed a mana viper
  7649 | D:9      | Noticed a steelbarb worm
  7649 | D:9      | a mana viper changed into a steelbarb worm
  7664 | D:9      | Noticed a glowing orange brain
  7664 | D:9      | a steelbarb worm changed into a glowing orange brain
  7668 | D:9      | Killed a glowing orange brain
  7669 | D:9      | Reached skill level 15 in Unarmed Combat
  7692 | D:9      | Reached XP level 11. HP: 79/101 MP: 6/10
  7712 | D:8      | XOM: cast spell 'Call Canine Familiar'
  7807 | D:9      | XOM: chaos upgrade
  7881 | D:9      | Found a bloodstained altar of Trog.
  7882 | D:9      | XOM: confuse monster(s)
  7890 | D:9      | Found a shimmering altar of Xom.
  7956 | D:9      | XOM: confuse monster(s)
  8110 | D:9      | XOM: god gift: scroll labelled AFOZOI WOSAK {god gift}
  8198 | D:9      | Identified the +4 scale mail "Enlux" {rF+}
  8329 | D:9      | Found a shimmering blue altar of Sif Muna.
  8366 | D:9      | Got Sif Muna's Grimoire of Transmutation and Companions
  8485 | D:10     | Entered Level 10 of the Dungeon
  8581 | D:10     | Noticed Fannar
  8591 | D:10     | Noticed Sonja
  8591 | D:10     | XOM: 2-stop teleportation journey
  8612 | D:10     | Killed Sonja
  8697 | D:10     | Noticed Joseph
  8707 | D:10     | Killed Joseph
  8755 | D:10     | Found a staircase to the Lair.
  8755 | D:10     | XOM: repel stairs
  8961 | D:10     | XOM: cleaving
  8971 | D:10     | Noticed Fannar
  8971 | D:10     | Fannar changed into Fannar the wolf spider
  8971 | D:10     | XOM: polymorph Fannar -> Fannar the wolf spider
  8973 | D:10     | Killed Fannar the wolf spider
  9077 | D:10     | Found an ornate altar of the Wu Jian Council.
  9508 | D:10     | XOM: summons 6 hostile demons
  9688 | D:10     | XOM: summons 1 hostile demon
  9700 | Lair:1   | Entered Level 1 of the Lair of Beasts
  9725 | Lair:1   | XOM: confusion
  9729 | Lair:1   | XOM: torment (49/110 hp)
  9741 | Lair:1   | XOM: cleaving
  9919 | Lair:1   | XOM: confuse monster(s)
  9923 | Lair:1   | XOM: draining
  9940 | Lair:1   | XOM: noise
 10049 | Lair:1   | XOM: 4-stop teleportation journey
 10150 | Lair:1   | Reached skill level 10 in Throwing
 10159 | Lair:1   | Reached XP level 12. HP: 89/110 MP: 8/11
 10164 | Lair:1   | XOM: 8-stop teleportation journey
 10203 | Lair:1   | XOM: enchant monster (good)
 10280 | Lair:1   | XOM: potion effect (haste)
 10309 | Lair:1   | XOM: divination: detect creatures
 10497 | Lair:1   | XOM: fog
 10871 | Lair:2   | XOM: smoke on damage
 10904 | Lair:2   | Noticed a boulder beetle
 10906 | Lair:2   | XOM: confuse monster(s)
 10908 | Lair:2   | XOM: scenery: create altars
 10915 | Lair:2   | Killed a boulder beetle
 10969 | Lair:2   | Reached skill level 1 in Armour
 10969 | Lair:2   | Noticed a boulder beetle
 10978 | Lair:2   | Killed a boulder beetle
 10979 | Lair:2   | Reached skill level 5 in Fighting
 10979 | Lair:2   | Reached skill level 16 in Unarmed Combat
 11020 | Lair:2   | XOM: 2-stop teleportation journey
 11053 | Lair:2   | XOM: cloud trail
 11183 | Lair:2   | XOM: destruction
 11194 | Lair:2   | XOM: scenery: summon butterflies
 11266 | Lair:2   | Got the Catalogue of Evil
 11302 | Lair:2   | XOM: give mutation
 11302 | Lair:2   | Gained mutation: You are partially covered in large bone
                  | plates. (SH +4) [Xom's grace]
 11318 | Lair:2   | XOM: summons 2 friendly demons
 11877 | D:8      | XOM: give mutations
 11877 | D:8      | Gained mutation: You are agile. (Dex +2) [Xom's grace]
 11877 | D:8      | Gained mutation: You have a beak for a mouth. [Xom's grace]
 11960 | Lair:3   | XOM: divination: detect items
 11968 | Lair:3   | XOM: summons 12 friendly demons
 12016 | Lair:3   | Found a staircase to the Swamp.
 12181 | Lair:3   | XOM: noise
 12225 | Lair:3   | XOM: fake destruction
 12231 | Lair:3   | XOM: cast spell 'Summon Mana Viper'
 12279 | Lair:3   | Found a staircase to the Snake Pit.
 12310 | Lair:3   | Noticed a five-headed hydra
 12311 | Lair:3   | XOM: scenery: 1 doors open
 12312 | Lair:3   | Noticed Gastronok
 12319 | Lair:3   | Killed a nine-headed hydra
 12319 | Lair:3   | XOM: potion effect (haste)
 12332 | Lair:3   | Killed Gastronok
 12336 | Lair:3   | XOM: noise
 12389 | Lair:3   | XOM: give mutations
 12389 | Lair:3   | Gained mutation: You possess an exceptional clarity of
                  | mind. [Xom's grace]
 12389 | Lair:3   | Gained mutation: You expend magic power (3 MP) to
                  | strengthen your wands. [Xom's grace]
 12399 | Lair:3   | XOM: 1-stop teleportation journey
 12411 | Lair:3   | XOM: noise
 12415 | Lair:3   | Reached XP level 13. HP: 71/134 MP: 5/12
 12497 | Lair:3   | XOM: 2-stop teleportation journey
 12767 | Lair:3   | XOM: polymorph elephant -> shapeshifter
 12772 | Lair:3   | XOM: scenery: 1 doors close
 12786 | Lair:3   | XOM: divination: detect creatures
 12791 | Lair:3   | XOM: fog
 12813 | Lair:3   | XOM: scenery: 2 doors open
 12886 | Lair:3   | XOM: 1-stop teleportation journey
 13094 | Lair:3   | XOM: potion effect (heal wounds)
 13289 | Lair:4   | XOM: cleaving
 13339 | Lair:4   | XOM: 3-stop teleportation journey
 13384 | Lair:4   | XOM: smoke on damage
 13385 | Lair:4   | XOM: scenery: summon butterflies
 13402 | Lair:4   | XOM: fog
 13471 | Lair:4   | XOM: fog
 13473 | Lair:3   | XOM: scenery: 2 doors open
 13686 | Lair:4   | XOM: fog
 13715 | Lair:4   | XOM: destruction
 13717 | Lair:3   | XOM: cleaving
 13766 | Lair:3   | XOM: enchant monster (good)
 13969 | Lair:4   | XOM: polymorph bullfrog -> killer bee
 13971 | Lair:4   | XOM: divine lightning
 13998 | Lair:4   | XOM: 8-stop teleportation journey
 14090 | Lair:4   | Reached skill level 5 in Armour
 14329 | Lair:4   | HP: 4/136 [meliai/+0 broad axe (7)]
 14330 | Lair:4   | Slain by a black mamba

Illustrated notes

Levels and vault maps discovered:
D:1:      amcnicky_arrival_abandoned_market, layout_loops_ring,
          chequers_serial_rivers_micro_d
D:2:      layout_rooms, shapermc_ecumenical_altar_petra, bh_walls_and_bars
D:3:      layout_loops_corners, uniq_terence, uniq_natasha
D:4:      layout_rooms, minmay_temple_entry_mini_moons, uniq_robin
D:5:      layout_basic, fedhas_altar_fruit_tree, mainiacjoe_overflow_alcove_3,
          st_stairs_7, uniq_crazy_yiuf_cottage
D:6:      layout_rooms, cheibrodos_sewer_entry_bend, nrook_mini_backslash,
          lightli_church_of_beogh, uniq_blork_the_orc
D:7:      layout_layer_cave, nicolae_shop_fire_sale [nicolae_sub_dead_trees],
          uniq_harold, uniq_pikel
D:8:      layout_cave_pods, nicolae_elyvilon_peaceful_grove, serial_shops,
          kennysheep_little_box, uniq_grum
D:9:      layout_stronghold, nicolae_sif_muna_little_library,
          jmf_multi_god_temple, minmay_pinched_square
D:10:     minmay_razor_zed, layout_loops_ring, mainiacjoe_overflow_alcove_4,
          david_lair_generic, uniq_sonja, uniq_fannar, uniq_joseph
Temple:   minmay_temple_bridge_abc
Lair:1:   layout_regular_city, nicolae_lair_liquid_snakes
Lair:2:   layout_loops_ring, serial_bayou_shore_b
Lair:3:   layout_roguey, nicolae_swamp_entry_splash_gauntlet, dummy_snake_entry,
          minivault_19, grunt_megastairs_2, infiniplex_staircase_pool_2,
          serial_bayou_shore_b, lemuel_fruit_tree, serial_bayou_shore_b,
          serial_bayou_shore_b, uniq_gastronok
Lair:4:   layout_gridlike, grunt_megastairs_3
Lair:5:   regret_index_combs_of_tragedy, layout_layer_cave, ebering_ghost_xom

Skill      XL: |  1  2  3  4  5  6  7  8  9 10 11 12 13 |
---------------+----------------------------------------+-----
Unarmed Combat | 1 2 4 5 7 10 13 15 16 | 16.9
Dodging        | 2 3 4 5 6 7 8 |  8.7
Throwing       | 4 5 6 7 8 10 11 | 11.6
Fighting       | 4 6 7 |  7.1
Armour         | 3 5 |  5.0
Stealth        | |  0.3

Action                   |  1- 3 |  4- 6 |  7- 9 | 10-12 | 13-15 || total
-------------------------+-------+-------+-------+-------+-------++-------
Melee: Short sword       |    94 |       |       |       |       ||    94
       Punch             |     2 |     4 |       |       |       ||     6
       Unarmed           |    39 |   148 |   246 |   538 |   124 ||  1095
       Headbutt          |       |       |     4 |   139 |    31 ||   174
       Peck              |       |       |       |    18 |    31 ||    49
Throw: Large rock        |       |       |     3 |     4 |     5 ||    12
       Throwing net      |       |       |       |       |     1 ||     1
Evoke: Wand              |       |       |       |       |     1 ||     1
  Use: Scroll            |       |     5 |    10 |    11 |     1 ||    27
       Potion            |       |       |       |     1 |     1 ||     2
 Stab: Sleeping          |     3 |     2 |       |     1 |       ||     6
       Confused          |       |       |       |     4 |       ||     4
Armor: Robe              |    46 |    49 |    45 |    33 |       ||   173
       Acid dragon scale |       |       |       |   127 |     4 ||   131
       Quicksilver drago |       |       |       |       |   125 ||   125
Dodge: Dodged            |    70 |    88 |    94 |   313 |   120 ||   685
Block: Orb               |       |       |       |    15 |    46 ||    61
